AoeStats
← mihai_flacaul

Arabia

509602451Analyzed
1v1 RM · 6d ago on Sep 27, 2026· 18m 36s· 2 players
Game mode
Random Map
Map size
Tiny (2 player)
Population
200
Speed
Normal
Resources
Standard
Victory
Conquest
Starting age
Dark Age
Ending age
Imperial Age
RankedLock teamsTeams togetherTeam positionsShared explorationLock speedFull tech treeHidden civsTurbo modeCheats
Victory
Defeat
🇭🇰 Portuguese · Hong Kong SAR China
1515
+12
🇷🇴 Varangians · Romania
1431
-12
mihai_flacaul
6:58 Loom
9:18 Feudal Age
9:52 Double-Bit Axe
9:53 Horse Collar
16:32 Bloodlines
Kelly271888
6:21 Loom
9:10 Feudal Age
9:47 Double-Bit Axe
17:16 Forging
19:13 Scale Barding Armor
Connection lost

Rejoining the realm…

Still unreachable

The connection could not be restored.

Session expired

The server has moved on; the page needs a fresh start.